 Dungeon Crawl Stone Soup version 0.31-a0-331-geda263fcf1 (webtiles) character file.

Game seed: 15422640651234929250

83 LeprechaunX the Changeling (level 4, -4/30 HPs)
             Began as an Octopode Shapeshifter on July 19, 2023.
             Killed by divine providence
             ... invoked by an orc priest
              (13 damage)
             ... on level 3 of the Dungeon.
             The game lasted 00:01:44 (1775 turns).

LeprechaunX the Changeling (Octopode Shapeshifter)  Turns: 1775, Time: 00:01:44

Health: -4/30      AC:  1    Str: 16    XL:     4   Next: 44%
Magic:  0/4        EV: 13    Int: 10    God:
Gold:   170        SH:  0    Dex: 12    Spells: 3/3 levels left

rFire   . . .        i - +4 dagger
rCold   . . .        (no shield)
rNeg    . . .        (helmet currently unavailable)
rPois   .            m - amulet of guardian spirit
rElec   .            (no ring)
rCorr   .            (no ring)
SInv    .            (no ring)
Will    .....        (no ring)
Stlth   ++           (no ring)
HPRegen 0.25/turn    (no ring)
MPRegen 0.09/turn    (no ring)
                     (no ring)

%: guardian spirit
@: beast-form
A: beast (slay +2), almost no armour, amphibious, 8 rings, camouflage 1,
gelatinous body 1, (nimble swimmer 1), tentacles
a: Begin Untransformation


You were on level 3 of the Dungeon.
You were a hulking beast.
You visited 1 branch of the dungeon, and saw 3 of its levels.

You collected 170 gold pieces.

Inventory:

Hand Weapons
 i - a +4 dagger (weapon)
Jewellery
 m - an amulet of guardian spirit (around mantle)
Talismans
 b - a beast talisman
Scrolls
 d - a scroll of blinking {unknown}
 g - 3 scrolls of teleportation {unknown}
 h - a scroll of revelation {unknown}
 j - a scroll of enchant armour {unknown}
 o - a scroll of brand weapon {unknown}
Potions
 a - 2 potions of lignification
 c - 2 potions of mutation {unknown}
 e - a potion of might {unknown}
 f - a potion of curing {unknown}
 k - a potion of haste {unknown}
 l - a potion of degeneration {unknown}
 n - a potion of brilliance {unknown}


   Skills:
 + Level 2.5 Fighting
 + Level 2.5 Dodging
 * Level 3.1 Unarmed Combat
 * Level 3.5 Shapeshifting


You had 3 spell levels left.
You didn't know any spells.
Your spell library contained the following spells:

 Spells                   Type           Power      Damage    Failure   Level
 Cigotuvi's Dreadful Rot  Necr/Pois/Air  0%         N/A       50%         2
 Portal Projectile        Hex/Tloc       0%         N/A       75%         3
 Tukima's Dance           Hex            0%         N/A       75%         3
 Dispel Undead            Necr           0%         3d6       98%         4
 Iskenderun's Mystic Bla  Conj/Tloc      0%         2d3       98%         4
 Death Channel            Necr           0%         N/A       100%        6


Dungeon Overview and Level Annotations

Branches:
Dungeon (3/15)

Altars:


Innate Abilities, Weirdness & Mutations

You are a hulking beast.
Your limbs bulge with bestial killing power. (Slay +2)
You cannot wear most types of armour.
You are amphibious.
You can wear up to eight rings at the same time.
Your skin changes colour to match your surroundings (Stealth+).
Your rubbery body absorbs attacks. (AC +1, EV +1)
((You are camouflaged when in or above water. (Stealth+)))
You have tentacles for arms and can constrict up to eight enemies at once.


Message History

The orc is heavily wounded.
You constrict the orc.
You kill the orc!
The goblin barely misses you. The hobgoblin hits you.
You are too injured to fight recklessly!
You are too injured to fight recklessly!
You are too injured to fight recklessly!
You are too injured to fight recklessly!
You are too injured to fight recklessly!
You are too injured to fight recklessly!
You are too injured to fight recklessly!
You are too injured to fight recklessly!
You are too injured to fight recklessly!
You are too injured to fight recklessly!
You are too injured to fight recklessly!
You are too injured to fight recklessly!
You are too injured to fight recklessly!
You are too injured to fight recklessly!
You are too injured to fight recklessly!
You are too injured to fight recklessly!
You are too injured to fight recklessly!
You are too injured to fight recklessly!
You are too injured to fight recklessly!
Unknown command.
You barely miss the hobgoblin. Your grab misses the hobgoblin.
You squeeze the hobgoblin.
The hobgoblin is moderately wounded.
The hobgoblin hits you. The goblin closely misses you.
You completely miss the goblin. Your grab misses the goblin.
Your squeeze misses the goblin. The goblin closely misses you.
The hobgoblin closely misses you.
You puncture the hobgoblin!
You kill the hobgoblin!
The goblin hits you with a +0 dagger.
* * * LOW HITPOINT WARNING * * *
You hit the goblin. Your grab misses the goblin. You squeeze the goblin.
You kill the goblin!
The orc priest mumbles some strange prayers to Beogh against you.
Beogh smites you!
You die...

#.....####..##
............. ......(.....
#........... #.?.........
####........... ...
#....†..)...(.. #.#
#.##..)h..o.... #.#
####.......)...... #.#
##.................
#.###.......#.#.....#..
#.##...####.#.....#......#
#.#..#.# #.###...#....#.#..
#.#.#..###..###...#.#......
#..........##.............
#.........# #............


You could see an orc priest.

Vanquished Creatures
  2 adders (D:2)
  3 worms
  A dart slug (D:1)
  3 orcs (D:3)
  6 ball pythons
  3 bats
  3 endoplasms
  4 giant cockroaches
  5 hobgoblins
  3 quokkas (D:2)
  4 frilled lizards
  4 goblins
  5 kobolds
  5 rats
51 creatures vanquished.

Notes
Turn   | Place    | Note
-------+----------+-------------------------------------------
     0 | D:1      | LeprechaunX the Octopode Shapeshifter began the quest for
                  | the Orb.
     0 | D:1      | Reached XP level 1. HP: 14/14 MP: 1/1
   167 | D:1      | Reached XP level 2. HP: 19/19 MP: 2/2
   831 | D:2      | Reached XP level 3. HP: 10/24 MP: 3/3
  1256 | D:2      | Reached XP level 4. HP: 30/30 MP: 4/4
  1775 | D:3      | Killed from afar by an orc priest

Illustrated notes

Levels and vault maps discovered:
D:1:      mrwooster_arrival_arrow, layout_loops_corners, minmay_small_reverse_x
D:2:      layout_basic, nicolae_houndstooth_variations
D:3:      layout_rooms

Skill      XL: |  1  2  3  4 |
---------------+-------------+-----
Unarmed Combat | 3 |  3.1
Fighting       | |  2.5
Dodging        | |  2.5
Shapeshifting  | |  3.5

Action                     |  1- 3 |  4- 6 || total
---------------------------+-------+-------++-------
  Melee: Unarmed           |    40 |       ||    40
         Constrict         |    17 |     7 ||    24
         Tentacles         |    13 |     4 ||    17
         Dagger            |    14 |    34 ||    48
         Punch             |     1 |       ||     1
   Stab: Sleeping          |     5 |     1 ||     6
 Armour: Skin              |     6 |     2 ||     8
  Dodge: Dodged            |    40 |    22 ||    62

Table legend: (Time is in decaauts)
 A = Elapsed time spent in this place.
 B = Non-inter-level travel time spent in this place.
 C = Inter-level travel time spent in this place.
 D = Time resting spent in this place.
 E = Time spent auto-exploring this place.
 F = Levels seen in this place.
 G = Mean time per level.
                   A        B        C        D        E       F      G
               +--------+--------+--------+--------+--------+-----+--------+
         Total |   1771 |   1753 |     18 |      0 |   1496 |   3 |  590.3 |
       Dungeon |   1771 |   1753 |     18 |      0 |   1496 |   3 |  590.3 |
               +--------+--------+--------+--------+--------+-----+--------+

Top non-repeatable levels by time:
     D:2: 839 daAuts
     D:1: 817 daAuts
     D:3: 114 daAuts
